 Dungeon Crawl Stone Soup version 0.27-a0-890-ged2907cb04 (webtiles) character file.

Game seed: 5178910363433340107

11 Kakkamies the Shield-Bearer (level 2, 0/24 HPs)
             Began as a Formicid Fighter on Apr 5, 2021.
             Slain by a bat (1 damage)
             ... on level 1 of the Dungeon.
             The game lasted 00:00:52 (272 turns).

Kakkamies the Shield-Bearer (Formicid Fighter)       Turns: 272, Time: 00:00:52

Health: 0/24       AC:  6    Str: 20    XL:     2   Next: 35%
Magic:  2/2        EV:  8    Int:  7    God:
Gold:   20         SH:  9    Dex: 10    Spells: 1/1 levels left

rFire    . . .     SeeInvis +   a - +0 trident
rCold    . . .     Faith    .   c - +0 kite shield
rNeg     . . .     Spirit   .   b - +0 scale mail
rPois    .         Reflect  .   (helmet unavailable)
rElec    .         Harm     .   (no cloak)
rCorr    .         Rampage  .   (no gloves)
Will     .....                  (no boots)
Stlth    ..........             (no amulet)
HPRegen  0.08/turn              (no ring)
MPRegen  0.08/turn              (no ring)

@: no status effects
A: permanent stasis, dig shafts and tunnels, antennae 3, four strong arms
a: Dig, Shaft Self


You were on level 1 of the Dungeon.
You visited 1 branch of the dungeon, and saw 1 of its levels.

You collected 20 gold pieces.

Inventory:

Hand Weapons
 a - a +0 trident (weapon)
Armour
 b - a +0 scale mail (worn)
 c - a +0 kite shield (worn)
Scrolls
 e - a scroll of identify {unknown}
Potions
 d - a potion of might


   Skills:
 + Level 3.5 Fighting
 + Level 2.0 Polearms
 + Level 3.5 Armour
 + Level 3.9 Shields


You had one spell level left.
You didn't know any spells.
Your spell library was empty.

Dungeon Overview and Level Annotations

Branches:
Dungeon (1/15)

Altars:


Innate Abilities, Weirdness & Mutations

You cannot be hasted, slowed, berserked, paralysed or teleported.
You can dig through walls and to a lower floor.
You have a pair of large antennae on your head. (SInv)
Your four strong arms can wield two-handed weapons with a shield.


Message History

a +0 dagger; 5 stones; a +0 short sword You block the bat's attack.
The bat hits you but does no damage. The bat hits you.
* * * LOW HITPOINT WARNING * * *
Reach: a) +0 trident
Press: ? - help, Dir - move target, f - bat
Aim: a bat (about 61% to evade your +0 trident)
You reach to attack!
You hit the bat but do no damage. You block the bat's attack.
Reach: a) +0 trident
Press: ? - help, Dir - move target, f - quokka, p - bat
Aim: a quokka (about 57% to evade your +0 trident)
You reach to attack!
You hit the quokka but do no damage. You block the bat's attack.
You block the quokka's attack. The bat hits you but does no damage.
You barely miss the quokka. You block the bat's attack.
The quokka bites you but does no damage.
The quokka barely misses you.
You closely miss the quokka. The bat barely misses you.
The quokka bites you but does no damage.
You barely miss the quokka. The bat hits you but does no damage.
The quokka barely misses you. The quokka closely misses you.
You barely miss the quokka. The bat hits you but does no damage.
You block the bat's attack. The quokka closely misses you.
The quokka barely misses you.
You miss the quokka. The bat completely misses you. The quokka bites you.
* * * LOW HITPOINT WARNING * * *
The bat barely misses you.
You hit the quokka but do no damage. The bat hits you but does no damage.
The quokka closely misses you. You block the bat's attack.
The quokka barely misses you.
You closely miss the quokka. You block the bat's attack.
The bat hits you but does no damage. The quokka closely misses you.
You closely miss the quokka. You block the bat's attack.
The quokka barely misses you. The quokka closely misses you.
You hit the quokka.
The quokka is heavily wounded.
The bat hits you but does no damage. The bat hits you.
You die...

#...# ##.#.######
#.......... #.
#.......... # #.
#.......... .##.########
#..........
.....#.....###..........
.............).r@.......
(...........)#..b.......
.............#.#.#####.#
...............#.#
.............###.#
...............#..
..................
...................
...##.............


You could see a quokka and a bat.

Vanquished Creatures
  2 ball pythons (D:1)
  A bat (D:1)
  3 jackals (D:1)
  3 kobolds (D:1)
  2 rats (D:1)
11 creatures vanquished.

Notes
Turn   | Place    | Note
-------+----------+-------------------------------------------
     0 | D:1      | Kakkamies the Formicid Fighter began the quest for the Orb.
     0 | D:1      | Reached XP level 1. HP: 18/18 MP: 1/1
    65 | D:1      | Reached XP level 2. HP: 14/24 MP: 2/2
   246 | D:1      | HP: 1/24 [kobold/+0 short sword (5)]
   261 | D:1      | HP: 1/24 [bat (1)]
   268 | D:1      | HP: 1/24 [quokka (1)]
   272 | D:1      | Slain by a bat

Illustrated notes

Levels and vault maps discovered:
D:1:      elethiomel_arrival_quiet, layout_rooms, minmay_shallow_snake_nest

Action                   || total
-------------------------++-------
Melee: Trident           ||    52
Armor: Scale mail        ||    38
Dodge: Dodged            ||    38
Block: Kite shield       ||    38

Table legend: (Time is in decaauts)
 A = Elapsed time spent in this place.
 B = Non-inter-level travel time spent in this place.
 C = Inter-level travel time spent in this place.
 D = Time resting spent in this place.
 E = Time spent auto-exploring this place.
 F = Levels seen in this place.
 G = Mean time per level.
                   A        B        C        D        E       F      G
               +--------+--------+--------+--------+--------+-----+--------+
         Total |    290 |    290 |      0 |    113 |     80 |   1 |  290.0 |
       Dungeon |    290 |    290 |      0 |    113 |     80 |   1 |  290.0 |
               +--------+--------+--------+--------+--------+-----+--------+

Top non-repeatable levels by time:
     D:1: 290 daAuts
